 Dungeon Crawl Stone Soup version 0.14.0-15-g6b16f67 (webtiles) character file.

1726 Qrupt the Slicer (level 9, -3/55 HPs)
             Began as a Halfling Fighter on Apr 18, 2014.
             Was an Initiate of Nemelex Xobeh.
             Killed from afar by Dowan (27 damage)
             ... with a shard of ice
             ... on Level 5 of the Dungeon.
             The game lasted 00:22:32 (7133 turns).

Qrupt the Slicer (Halfling Fighter)                 Turns: 7133, Time: 00:22:32

HP  -3/55        AC  7     Str 16      XL: 9   Next: 12%
MP  15/15        EV 10     Int  8      God: Nemelex Xobeh [......]
Gold 170         SH 13     Dex 16      Spells:  0 memorised,  8 levels left

rFire  . . .     SeeInvis .     a - +0,+1 cutlass
rCold  . . .     Clarity  .     b - +0 scale mail
rNeg   . . .     Conserve .     c - +0 buckler
rPois  .         rCorr    .     (no helmet)
rElec  .         rRot     .     (no cloak)
SustAb . .       Spirit   .     (no gloves)
rMut   .         Warding  .     (no boots)
Saprov . . .     Stasis   .     (no amulet)
MR     .....                    (no ring)
                                (no ring)

@: not resistant to hostile enchantments, extremely unstealthy
A: mutation resistance 1, slow metabolism 1
a: Renounce Religion


You were on level 5 of the Dungeon.
You worshipped Nemelex Xobeh.
Nemelex Xobeh was noncommittal.
You were hungry.

You visited 1 branch of the dungeon, and saw 5 of its levels.

You collected 170 gold pieces.

Inventory:

Hand weapons
 a - a +0,+1 cutlass (weapon)
 A - the +10,+9 mace of Dismay {flame, *Rage MR++}
   (You found it on level 4 of the Dungeon)

   It emits flame when wielded, causing extra injury to most foes and up to
   double damage against particularly susceptible opponents.
   It affects your resistance to hostile enchantments.
   It may make you go berserk in combat.
Armour
 b - a +0 scale mail (worn)
 c - a +0 buckler (worn)
Magical devices
 o - a wand of flame (13)
Comestibles
 d - 3 bread rations
 i - 3 meat rations
Scrolls
 h - 3 scrolls of identify
 j - 3 scrolls of remove curse
 k - a scroll of fog
 l - a scroll of random uselessness {unknown}
 m - a scroll of noise
 v - 2 scrolls of immolation
Jewellery
 e - an uncursed amulet of rage {unknown}
Potions
 g - a potion of curing
Miscellaneous
 f - a plain deck of wonders


   Skills:
 - Level 2.6 Fighting
 + Level 9.6 Short Blades
 + Level 4.4 Armour
 - Level 5.0 Dodging
 - Level 5.2 Shields
 + Level 4.0 Evocations


You had 8 spell levels left.
You didn't know any spells.

Dungeon Overview and Level Annotations

Branches:
Dungeon (5/15)
 Temple: D:4-7

Altars:
Nemelex Xobeh
Okawaru
Yredelemnul

Shops:
D:5 *

Annotations:
D:5 Dowan


Innate Abilities, Weirdness & Mutations

You are small and have problems with some larger weapons.
You are somewhat resistant to further mutation.
You have a slow metabolism.


Message History

a short sword; a scroll labeled WACRAJ ECAPN; the elf corpse of Duvessa Drink which item? (? for menu, Esc to quit)
You feel better.
Things that are here:
a short sword; a scroll labeled WACRAJ ECAPN; the elf corpse of Duvessa You completely miss Dowan.
Dowan casts a spell at you. The shard of ice hits you!
You hit Dowan.
Dowan is moderately wounded.
Dowan gestures wildly while chanting.
Dowan blinks!
Things that are here:
a short sword; a scroll labeled WACRAJ ECAPN; the elf corpse of Duvessa Dowan mumbles some strange words.
Dowan blinks!
Dowan casts a spell at you. The shard of ice hits you!
You die...
Your body disappears without a glow.

.###..............####§#
...................######
...................#>....
...................######
#.......)###.......##§§§§
##......#..........##..§§
##.....#...§......##§§§§
##....#.........###§§§.
##..e@.≈.∩.≈...###§§§§
##............# #####
##%....#......######
##............ .
##.......... ...
##........ ... ##....[.
.# #..


You could see Dowan.

Vanquished Creatures
  Grinder (D:5)
  Eustachio (D:4)
  Edmund (D:5)
  Menkaure (D:4)
  A hungry ghost (D:5)
  A sky beast (D:4)
  Duvessa (D:5)
  2 scorpions (D:5)
  The ghost of Qrupt the Cutter, a weakling HaBe of Trog (D:3)
  A centaur skeleton (D:4)
  6 worker ants
  2 orc wizards
  Ijyb (D:3)
  A hound zombie (D:5)
  7 adders
  7 gnolls
  A shadow imp (D:5)
  3 giant mites
  A worm (D:4)
  2 orc zombies (D:5)
  9 giant geckos
  15 orcs
  3 ball pythons
  13 giant cockroaches
  10 goblins
  6 hobgoblins
  11 jackals
  14 kobolds
  4 quokkas
  10 bats
  6 giant newts
  A jackal skeleton (D:5)
  10 rats
  A rat skeleton (D:4)
  A spectral orc (D:4)
156 creatures vanquished.

Notes
Turn   | Place    | Note
--------------------------------------------------------------
     0 | D:1      | Qrupt, the Halfling Fighter, began the quest for the Orb.
     0 | D:1      | Reached XP level 1. HP: 15/15 MP: 1/1
    71 | D:1      | Reached XP level 2. HP: 16/20 MP: 2/2
   392 | D:1      | Reached XP level 3. HP: 25/25 MP: 3/3
   428 | D:1      | Reached skill level 4 in Shields
   990 | D:2      | Reached XP level 4. HP: 24/30 MP: 4/4
  1264 | D:2      | Found an iron altar of Okawaru.
  1706 | D:3      | Noticed Ijyb
  1744 | D:3      | Killed Ijyb
  1744 | D:3      | Reached XP level 5. HP: 35/35 MP: 5/5
  1799 | D:3      | Noticed Qrupt's ghost (weakling HaBe)
  2235 | D:3      | Killed Qrupt's ghost
  2235 | D:3      | Reached skill level 5 in Short Blades
  2235 | D:3      | Reached skill level 5 in Shields
  3105 | D:3      | Reached skill level 1 in Dodging
  3105 | D:3      | Reached XP level 6. HP: 25/41 MP: 6/6
  3564 | D:4      | Reached skill level 6 in Short Blades
  3567 | D:4      | Got an iridescent mace
  3986 | D:4      | Reached XP level 7. HP: 28/45 MP: 7/7
  4085 | D:4      | Noticed Menkaure
  4092 | D:4      | HP: 2/45 [Menkaure (19)]
  4108 | D:4      | Killed Menkaure
  4110 | D:4      | Reached skill level 7 in Short Blades
  4318 | D:4      | Identified the +10,+9 mace of Dismay {flame, *Rage MR++} (You found it on level 4 of the Dungeon)
  4333 | D:4      | Found a basalt altar of Yredelemnul.
  4815 | D:5      | Entered Level 5 of the Dungeon
  4891 | D:5      | Noticed a hungry ghost
  4958 | D:4      | Reached skill level 5 in Dodging
  5290 | D:5      | Killed a hungry ghost
  5290 | D:5      | Reached skill level 8 in Short Blades
  5290 | D:5      | Reached XP level 8. HP: 46/51 MP: 8/8
  5504 | D:5      | Found a sparkling altar of Nemelex Xobeh.
  5513 | D:5      | Became a worshipper of Nemelex Xobeh the Trickster
  5521 | D:5      | Noticed Edmund
  5586 | D:5      | Killed Edmund
  5586 | D:5      | Reached skill level 1 in Evocations
  5897 | D:5      | Received a gift from Nemelex Xobeh
  6121 | D:5      | Found Azogac's Elemental Accessories.
  6274 | D:5      | Noticed Grinder
  6287 | D:5      | Paralysed by Grinder for 6 turns
  6314 | D:5      | Killed Grinder
  6314 | D:5      | Reached skill level 9 in Short Blades
  6593 | D:5      | Noticed Eustachio
  6711 | D:4      | Killed Eustachio
  6711 | D:4      | Reached XP level 9. HP: 23/55 MP: 12/14
  7089 | D:5      | Noticed Dowan
  7092 | D:5      | Noticed Duvessa
  7119 | D:5      | Killed Duvessa
  7133 | D:5      | Killed from afar by Dowan

Action                   |  1- 3 |  4- 6 |  7- 9 || total
-------------------------+-------+-------+-------++-------
Melee: Cutlass           |   171 |   463 |   411 ||  1045
Evoke: Wand              |       |       |     5 ||     5
  Use: Scroll            |       |       |    12 ||    12
       Potion            |       |       |     7 ||     7
